Red Wings vs Stars
(R1)
Created - June 10, 2020 at 19:16
Goals
|
| Red Wings |
0 |
0 |
0 |
0 |
| Stars |
0 |
1 |
1 |
2 |
|
Shots
|
| Red Wings |
8 |
8 |
6 |
22 |
| Stars |
9 |
18 |
3 |
30 |
|
1st period
No Goal
Penalties :
Mike Richards (Det) for Cross-checking (Minor) at 10:43, John Tavares (Dal) for High sticking (Minor) at 14:08
2nd period
1. Stars , Guillaume Latendresse 11 (Michael Grabner 17, John Tavares 21) at 3:54
Penalties :
Nick Bjugstad (Det) for Tripping (Minor) at 11:23, Dany Heatley (Det) for Roughing (Minor) at 16:29
3rd period
2. Stars , Lasse Kukkonen 2 (Alex Chiasson 4, Jussi Jokinen 14) at 3:21
Penalties :
Philip Samuelsson (Det) for Interference (Minor) at 0:47, Brian Lee (Dal) for Hooking (Minor) at 3:53, Jiri Fischer (Det) for Tripping (Minor) at 17:45
Goalie Stats
James Reimer (Det), 28 saves from 30 shots - (0.933), L, 11-8-0, 60:00 minutes
Brian Elliott (Dal), 22 saves from 22 shots - (1.000), W, 10-3-0, 60:00 minutes
Players Stats for Red Wings
Player Name G A P +/- PIM S H SB GA TA FO MP PP MP PK MP
------------------------------------------------------------------------------------
Anton Volchenkov 0 0 0 0 0 1 2 1 0 0 0/0 18:18 0:00 4:21
Carson Mcmillan 0 0 0 0 0 0 1 1 1 0 1/5 12:46 0:00 4:51
Chris Kelly 0 0 0 0 0 4 1 0 0 1 2/4 12:16 0:00 4:04
Connor Brown 0 0 0 -1 0 1 0 1 2 1 2/3 17:26 1:15 0:00
Dany Heatley 0 0 0 0 2 1 3 0 0 0 0/0 14:40 0:00 3:48
David Krejci 0 0 0 0 0 3 0 0 1 0 1/2 10:28 0:00 0:00
Jakub Kindl 0 0 0 0 0 0 1 1 0 0 0/0 17:36 2:27 1:39
Jiri Fischer 0 0 0 -1 2 0 2 0 0 0 0/0 21:08 1:31 4:40
Jordin Tootoo 0 0 0 -1 0 0 0 0 0 0 0/1 14:05 2:43 0:00
Karl Alzner 0 0 0 -1 0 0 1 1 0 1 0/0 16:53 2:27 0:14
Marko Dano 0 0 0 -1 0 0 3 0 0 0 0/1 17:26 1:15 0:00
Michael Haley 0 0 0 0 0 2 1 0 0 0 0/0 10:31 0:00 2:35
Mike Richards 0 0 0 -1 2 4 3 1 0 0 8/22 19:21 1:15 1:35
Nick Bjugstad 0 0 0 -1 2 0 1 0 2 0 1/7 14:54 2:43 0:17
Petr Pohl 0 0 0 0 0 3 0 0 0 0 0/0 10:31 0:00 0:00
Philip Samuelsson 0 0 0 -1 2 1 0 0 1 0 0/0 21:54 1:31 3:22
Ryan O'Byrne 0 0 0 -1 0 0 0 2 0 0 0/0 22:42 0:00 5:34
Teuvo Teravainen 0 0 0 -1 0 2 2 0 0 2 1/2 17:05 2:43 2:40
Players Stats for Stars
Player Name G A P +/- PIM S H SB GA TA FO MP PP MP PK MP
------------------------------------------------------------------------------------
Alex Chiasson 0 1 1 1 0 3 0 0 0 1 0/0 16:10 4:45 0:00
Alexander Frolov 0 0 0 0 0 1 1 0 0 0 0/0 12:18 0:22 1:05
Antoine Vermette 0 0 0 1 0 1 1 1 1 0 4/6 17:59 4:49 1:48
B.J. Crombeen 0 0 0 0 0 0 3 0 0 0 0/1 10:52 0:00 0:00
Boris Valabik 0 0 0 1 0 0 1 1 0 0 0/0 21:43 3:36 1:50
Brian Lee 0 0 0 1 2 1 2 2 0 2 0/0 24:48 5:55 1:12
Cam Atkinson 0 0 0 0 0 0 0 0 0 0 0/0 9:09 0:00 0:00
Cory Emmerton 0 0 0 0 0 0 1 0 0 2 5/7 12:20 0:00 1:26
Evgeny Grachev 0 0 0 0 0 2 0 0 0 0 1/5 9:32 0:00 0:07
Guillaume Latendresse 1 0 1 1 0 6 0 1 0 0 1/1 22:07 4:58 2:06
Ian White 0 0 0 1 0 2 4 2 1 0 0/0 25:54 6:19 2:08
John Tavares 0 1 1 1 2 3 1 1 1 0 19/26 21:01 4:56 0:56
Johnny Oduya 0 0 0 0 0 0 0 0 0 0 0/0 11:54 0:24 0:00
Jussi Jokinen 0 1 1 1 0 4 1 1 0 0 1/1 16:42 4:49 0:28
Lasse Kukkonen 1 0 1 1 0 3 0 0 0 2 0/0 21:46 3:36 1:50
Michael Grabner 0 1 1 1 0 2 2 0 1 0 0/0 19:51 4:52 0:00
Niklas Hjalmarsson 0 0 0 0 0 1 0 0 0 0 0/0 12:17 0:00 0:56
Ted Purcell 0 0 0 0 0 1 0 0 1 0 0/0 9:37 0:14 0:00
3 Stars
1 - Brian Elliott (Dal)
2 - Guillaume Latendresse (Dal)
3 - Lasse Kukkonen (Dal)
Power Play
Red Wings - 0 on 2 Attempt(s) - 0.00%
Stars - 0 on 5 Attempt(s) - 0.00%
Penalty Kill
Red Wings - 5 on 5 Attempt(s) - 100.00%
- Score 0 goal in Penalty Kill
Stars - 2 on 2 Attempt(s) - 100.00%
- Score 0 goal in Penalty Kill
Team Stat
Red Wings - Hits : 21 - Faceoff Wins : 16 - Blocked Shots : 8 - Penalty Minutes : 10
Stars - Hits : 17 - Faceoff Wins : 31 - Blocked Shots : 9 - Penalty Minutes : 4
Official
Referees : Unknown
Linesman : Unknown
Game Notes
No Game Note
Finance
Level 1 -- Attendance: 6000 (100.00%) -- Ticket Income $750,000
Level 2 -- Attendance: 5000 (100.00%) -- Ticket Income $375,000
Level 3 -- Attendance: 2000 (100.00%) -- Ticket Income $100,000
Level 4 -- Attendance: 4000 (100.00%) -- Ticket Income $160,000
Luxury Box -- Attendance: 1000 (100.00%) -- Ticket Income $250,000
Game was played at the American Airlines Center.
Total Attendance: 18000 (100.00%)
Total Ticket Income: $1,635,000
Other Income: $245,250
Total Income: $1,880,250
Red Wings
5 vs 5 Forward
Center Left Wing Right Wing Time % Phy DF OF
1 Mike Richards Marko Dano Connor Brown 40 0 2 3
2 Nick Bjugstad Teuvo Teravainen Jordin Tootoo 30 0 2 3
3 David Krejci Dany Heatley Petr Pohl 20 0 3 2
4 Chris Kelly Michael Haley Carson Mcmillan 10 0 3 2
5 vs 5 Defense
Defense Defense Time % Phy DF OF
1 Philip Samuelsson Ryan O'Byrne 40 0 2 3
2 Jiri Fischer Karl Alzner 30 0 2 3
3 Anton Volchenkov Jakub Kindl 20 1 2 2
4 Anton Volchenkov Jakub Kindl 10 1 2 2
PowerPlay Forward
Center Left Wing Right Wing Time % Phy DF OF
1 Mike Richards Marko Dano Connor Brown 60 0 1 4
2 Nick Bjugstad Teuvo Teravainen Jordin Tootoo 40 0 1 4
PowerPlay Defense
Defense Defense Time % Phy DF OF
1 Philip Samuelsson Jiri Fischer 60 0 2 3
2 Karl Alzner Jakub Kindl 40 0 2 3
Penalty Kill 4 Players Forward
Center Wing Time % Phy DF OF
1 Carson Mcmillan Dany Heatley 60 1 2 2
2 Chris Kelly Michael Haley 40 1 2 2
Penalty Kill 4 Players Defense
Defense Defense Time % Phy DF OF
1 Jiri Fischer Ryan O'Byrne 60 1 2 2
2 Philip Samuelsson Anton Volchenkov 40 1 2 2
Penalty Kill - 3 Players Forward
Forward Time % Phy DF OF
1 Dany Heatley 60 1 2 2
2 Michael Haley 40 1 2 2
Penalty Kill - 3 Players Defense
Defense Defense Time % Phy DF OF
1 Jiri Fischer Ryan O'Byrne 60 1 2 2
2 Philip Samuelsson Anton Volchenkov 40 1 2 2
4 vs 4 Forward
Center Wing Time % Phy DF OF
1 Mike Richards Connor Brown 60 1 2 2
2 Nick Bjugstad Jordin Tootoo 40 1 2 2
4 vs 4 Defense
Defense Defense Time % Phy DF OF
1 Philip Samuelsson Ryan O'Byrne 60 1 2 2
2 Jiri Fischer Jakub Kindl 40 1 2 2
Last Minutes Offensive
Center Left Wing Right Wing Defense Defense
Mike Richards Marko Dano Connor Brown Jiri Fischer Philip Samuelsson
Last Minutes Defensive
Center Left Wing Right Wing Defense Defense
Michael Haley Dany Heatley Carson Mcmillan Anton Volchenkov Ryan O'Byrne
Goaltenders
Starting : James Reimer
Backup : Josh Harding
Extra Forwards
Normal : Mike Richards, Nick Bjugstad, Jordin Tootoo - PP : David Krejci, Mike Richards - PK : Mike Richards
Extra Defensemen
Normal : Jiri Fischer, Karl Alzner, Jakub Kindl - PP : Ryan O'Byrne - PK : Jakub Kindl, Karl Alzner
Penalty Shots
Mike Richards, Marko Dano, Nick Bjugstad, Carson Mcmillan, Jordin Tootoo
Scratches
Alex Picard (Healthy), Andrew Alberts (Healthy), Petter Granberg (Healthy), Riley Armstrong (Healthy)
Stars
5 vs 5 Forward
Center Left Wing Right Wing Time % Phy DF OF
1 John Tavares Guillaume Latendresse Michael Grabner 40 0 2 3
2 Antoine Vermette Jussi Jokinen Alex Chiasson 30 0 2 3
3 Cory Emmerton Alexander Frolov B.J. Crombeen 20 1 2 2
4 Evgeny Grachev Ted Purcell Cam Atkinson 10 1 2 2
5 vs 5 Defense
Defense Defense Time % Phy DF OF
1 Ian White Brian Lee 40 1 2 2
2 Boris Valabik Lasse Kukkonen 30 1 2 2
3 Johnny Oduya Niklas Hjalmarsson 20 1 2 2
4 Ian White Brian Lee 10 1 2 2
PowerPlay Forward
Center Left Wing Right Wing Time % Phy DF OF
1 John Tavares Guillaume Latendresse Michael Grabner 60 0 2 3
2 Antoine Vermette Jussi Jokinen Alex Chiasson 40 0 2 3
PowerPlay Defense
Defense Defense Time % Phy DF OF
1 Ian White Brian Lee 60 0 2 3
2 Boris Valabik Lasse Kukkonen 40 0 2 3
Penalty Kill 4 Players Forward
Center Wing Time % Phy DF OF
1 John Tavares Guillaume Latendresse 60 0 3 2
2 Jussi Jokinen Antoine Vermette 40 0 3 2
Penalty Kill 4 Players Defense
Defense Defense Time % Phy DF OF
1 Ian White Brian Lee 60 0 3 2
2 Boris Valabik Lasse Kukkonen 40 0 3 2
Penalty Kill - 3 Players Forward
Forward Time % Phy DF OF
1 John Tavares 60 0 3 2
2 Guillaume Latendresse 40 0 3 2
Penalty Kill - 3 Players Defense
Defense Defense Time % Phy DF OF
1 Ian White Brian Lee 60 0 3 2
2 Boris Valabik Lasse Kukkonen 40 0 3 2
4 vs 4 Forward
Center Wing Time % Phy DF OF
1 John Tavares Guillaume Latendresse 60 0 2 3
2 Jussi Jokinen Antoine Vermette 40 0 2 3
4 vs 4 Defense
Defense Defense Time % Phy DF OF
1 Ian White Brian Lee 60 1 2 2
2 Boris Valabik Lasse Kukkonen 40 1 2 2
Last Minutes Offensive
Center Left Wing Right Wing Defense Defense
John Tavares Guillaume Latendresse Michael Grabner Ian White Brian Lee
Last Minutes Defensive
Center Left Wing Right Wing Defense Defense
John Tavares Guillaume Latendresse Michael Grabner Ian White Brian Lee
Goaltenders
Starting : Brian Elliott
Backup : Cory Schneider
Extra Forwards
Normal : Alexander Frolov, Ted Purcell, Cory Emmerton - PP : Alexander Frolov, Ted Purcell - PK : Cory Emmerton
Extra Defensemen
Normal : Johnny Oduya, Niklas Hjalmarsson, Boris Valabik - PP : Johnny Oduya - PK : Niklas Hjalmarsson, Boris Valabik
Penalty Shots
John Tavares, Guillaume Latendresse, Jussi Jokinen, Antoine Vermette, Alexander Frolov
Scratches
Lee Stempniak (Healthy), Andrej Sustr (Healthy), Brian Flynn (Healthy)
% Time on Ice - Red Wings
Lines # - Real PCT - Wanted PCT - Time Play
Normal Forward
1 - 36% - 40% - 16:48
2 - 29% - 30% - 13:15
3 - 20% - 20% - 9:05
4 - 15% - 10% - 6:59
Normal Defense
1 - 38% - 40% - 17:25
2 - 36% - 30% - 16:34
3 - 19% - 20% - 8:50
4 - 7% - 10% - 3:18
PP Forward
1 - 32% - 60% - 1:15
2 - 68% - 40% - 2:43
PP Defense
1 - 38% - 60% - 1:31
2 - 62% - 40% - 2:27
PK Forward
1 - 77% - 60% - 7:40
2 - 23% - 40% - 2:15
PK Defense
1 - 56% - 60% - 5:34
2 - 44% - 40% - 4:21
PK3 Forward
1 - 0% - 60%
2 - 0% - 40%
PK3 Defense
1 - 0% - 60%
2 - 0% - 40%
44 Forward
1 - 0% - 60%
2 - 0% - 40%
44 Defense
1 - 0% - 60%
2 - 0% - 40%
Last Minute Offensive - 0:00
Last Minute Defensive - 0:00
Total
Forward - 60:00
Defense - 60:00
|
% Time on Ice - Stars
Lines # - Real PCT - Wanted PCT - Time Play
Normal Forward
1 - 34% - 40% - 15:30
2 - 28% - 30% - 12:57
3 - 21% - 20% - 9:40
4 - 17% - 10% - 8:00
Normal Defense
1 - 37% - 40% - 16:54
2 - 38% - 30% - 17:29
3 - 24% - 20% - 10:51
4 - 2% - 10% - 0:53
PP Forward
1 - 51% - 60% - 5:06
2 - 49% - 40% - 4:49
PP Defense
1 - 64% - 60% - 6:19
2 - 36% - 40% - 3:36
PK Forward
1 - 88% - 60% - 3:30
2 - 12% - 40% - 0:28
PK Defense
1 - 54% - 60% - 2:08
2 - 46% - 40% - 1:50
PK3 Forward
1 - 0% - 60%
2 - 0% - 40%
PK3 Defense
1 - 0% - 60%
2 - 0% - 40%
44 Forward
1 - 0% - 60%
2 - 0% - 40%
44 Defense
1 - 0% - 60%
2 - 0% - 40%
Last Minute Offensive - 0:00
Last Minute Defensive - 0:00
Total
Forward - 60:00
Defense - 60:00
|
Play-by-Play
1st period
0:01 of 1st period - Mike Richards wins face-off versus John Tavares in neutral zone.
0:35 of 1st period - Wrist shot by Jussi Jokinen.
0:35 of 1st period - Stopped by James Reimer without a rebound.
0:36 of 1st period - David Krejci wins face-off versus Cory Emmerton in Red Wings zone.
1:11 of 1st period - Slapshot by Michael Haley.
1:11 of 1st period - Stopped by Brian Elliott with a rebound.
1:21 of 1st period - Slapshot by John Tavares.
1:21 of 1st period - Stopped by James Reimer without a rebound.
1:22 of 1st period - Mike Richards wins face-off versus John Tavares in Red Wings zone.
1:27 of 1st period - Slapshot by Mike Richards.
1:27 of 1st period - Shot Misses the Net.
1:37 of 1st period - Icing by Jiri Fischer.
1:38 of 1st period - Antoine Vermette wins face-off versus Marko Dano in Red Wings zone.
1:53 of 1st period - Snap shot by Jussi Jokinen.
1:53 of 1st period - Stopped by James Reimer without a rebound.
1:54 of 1st period - John Tavares wins face-off versus Nick Bjugstad in Red Wings zone.
1:57 of 1st period - Snap shot by Guillaume Latendresse.
1:57 of 1st period - Stopped by James Reimer with a rebound.
1:59 of 1st period - Wrist shot by Michael Grabner.
1:59 of 1st period - Shot Blocked by Ryan O'Byrne.
2:30 of 1st period - Slapshot by Antoine Vermette.
2:30 of 1st period - Stopped by James Reimer without a rebound.
2:31 of 1st period - Cory Emmerton wins face-off versus Mike Richards in Red Wings zone.
2:56 of 1st period - Johnny Oduya is hit by Anton Volchenkov and loses puck.
3:25 of 1st period - Wrist shot by David Krejci.
3:25 of 1st period - Stopped by Brian Elliott with a rebound.
3:34 of 1st period - Off-side.
3:35 of 1st period - Connor Brown wins face-off versus Evgeny Grachev in neutral zone.
4:48 of 1st period - Slapshot by Brian Lee.
4:48 of 1st period - Shot Blocked by Anton Volchenkov.
4:50 of 1st period - Snap shot by Ian White.
4:50 of 1st period - Stopped by James Reimer without a rebound.
4:51 of 1st period - Cory Emmerton wins face-off versus Mike Richards in Red Wings zone.
5:29 of 1st period - Michael Grabner is hit by Teuvo Teravainen and loses puck.
6:23 of 1st period - Snap shot by Chris Kelly.
6:23 of 1st period - Stopped by Brian Elliott with a rebound.
6:25 of 1st period - Slapshot by Anton Volchenkov.
6:25 of 1st period - Shot Blocked by Brian Lee.
6:29 of 1st period - Snap shot by Marko Dano.
6:29 of 1st period - Shot Misses the Net.
6:31 of 1st period - Slapshot by Anton Volchenkov.
6:31 of 1st period - Stopped by Brian Elliott without a rebound.
6:32 of 1st period - John Tavares wins face-off versus Mike Richards in Stars zone.
6:57 of 1st period - Ryan O'Byrne is hit by Boris Valabik and loses puck.
7:26 of 1st period - Jiri Fischer is hit by Alexander Frolov and loses puck.
8:20 of 1st period - Off-side.
8:21 of 1st period - Teuvo Teravainen wins face-off versus Antoine Vermette in neutral zone.
8:24 of 1st period - Slapshot by Jordin Tootoo.
8:24 of 1st period - Shot Misses the Net.
8:30 of 1st period - Snap shot by Philip Samuelsson.
8:30 of 1st period - Shot Blocked by Antoine Vermette.
8:32 of 1st period - Snap shot by Philip Samuelsson.
8:32 of 1st period - Shot Blocked by Ian White.
8:34 of 1st period - Snap shot by Ryan O'Byrne.
8:34 of 1st period - Shot Blocked by Jussi Jokinen.
8:36 of 1st period - Wrist shot by Teuvo Teravainen.
8:36 of 1st period - Shot Misses the Net.
8:50 of 1st period - Slapshot by Philip Samuelsson.
8:50 of 1st period - Shot Blocked by Guillaume Latendresse.
9:20 of 1st period - Snap shot by Connor Brown.
9:20 of 1st period - Shot Misses the Net.
10:07 of 1st period - Wrist shot by Ted Purcell.
10:07 of 1st period - Stopped by James Reimer with a rebound.
10:24 of 1st period - Jiri Fischer is hit by Ian White.
10:43 of 1st period - Minor Penalty to Mike Richards for Cross-checking.
10:44 of 1st period - John Tavares wins face-off versus Carson Mcmillan in Red Wings zone.
11:10 of 1st period - Snap shot by Jussi Jokinen.
11:10 of 1st period - Shot Misses the Net.
11:12 of 1st period - Slapshot by Ian White.
11:12 of 1st period - Shot Blocked by Carson Mcmillan.
12:43 of 1st period - Penalty to Mike Richards is over, Mike Richards is back on ice.
12:51 of 1st period - Dany Heatley is hit by B.J. Crombeen and loses puck.
12:58 of 1st period - Wrist shot by Alexander Frolov.
12:58 of 1st period - Stopped by James Reimer without a rebound.
12:59 of 1st period - Mike Richards wins face-off versus Evgeny Grachev in Red Wings zone.
13:04 of 1st period - Wrist shot by Mike Richards.
13:04 of 1st period - Shot Misses the Net.
13:47 of 1st period - Snap shot by Chris Kelly.
13:47 of 1st period - Stopped by Brian Elliott with a rebound.
13:49 of 1st period - Wrist shot by Michael Haley.
13:49 of 1st period - Stopped by Brian Elliott with a rebound.
13:51 of 1st period - Snap shot by Jakub Kindl.
13:51 of 1st period - Shot Blocked by Boris Valabik.
14:08 of 1st period - Minor Penalty to John Tavares for High sticking.
14:09 of 1st period - Cory Emmerton wins face-off versus Mike Richards in Stars zone.
14:09 of 1st period - Cory Emmerton is hit by Marko Dano.
14:46 of 1st period - Icing by Karl Alzner.
14:47 of 1st period - Antoine Vermette wins face-off versus Teuvo Teravainen in Red Wings zone.
15:00 of 1st period - Snap shot by Jordin Tootoo.
15:00 of 1st period - Shot Misses the Net.
15:50 of 1st period - Wrist shot by Teuvo Teravainen.
15:50 of 1st period - Stopped by Brian Elliott with a rebound.
16:08 of 1st period - Penalty to John Tavares is over, John Tavares is back on ice.
16:14 of 1st period - Wrist shot by John Tavares.
16:14 of 1st period - Stopped by James Reimer without a rebound.
16:15 of 1st period - Mike Richards wins face-off versus Evgeny Grachev in Red Wings zone.
16:24 of 1st period - Slapshot by Mike Richards.
16:24 of 1st period - Stopped by Brian Elliott with a rebound.
16:40 of 1st period - David Krejci is hit by Ian White and loses puck.
16:49 of 1st period - Jussi Jokinen is hit by Dany Heatley and loses puck.
18:01 of 1st period - Ted Purcell is hit by Chris Kelly and loses puck.
18:12 of 1st period - Cam Atkinson is hit by Jiri Fischer and loses puck.
18:26 of 1st period - John Tavares is hit by Dany Heatley and loses puck.
19:11 of 1st period - Icing by B.J. Crombeen.
19:12 of 1st period - Cory Emmerton wins face-off versus Nick Bjugstad in Stars zone.
Goals for this period are 0 for Red Wings vs 0 for Stars.
Shots for this period are 8 for Red Wings vs 9 for Stars.
2nd period
0:01 of 2nd period - John Tavares wins face-off versus Jordin Tootoo in neutral zone.
0:12 of 2nd period - Snap shot by Guillaume Latendresse.
0:12 of 2nd period - Stopped by James Reimer without a rebound.
0:13 of 2nd period - John Tavares wins face-off versus Mike Richards in Red Wings zone.
0:14 of 2nd period - Snap shot by Michael Grabner.
0:14 of 2nd period - Stopped by James Reimer without a rebound.
0:15 of 2nd period - Mike Richards wins face-off versus John Tavares in Red Wings zone.
0:15 of 2nd period - Mike Richards is hit by Ian White.
1:13 of 2nd period - Wrist shot by Antoine Vermette.
1:13 of 2nd period - Shot Blocked by Karl Alzner.
1:15 of 2nd period - Slapshot by Ian White.
1:15 of 2nd period - Stopped by James Reimer with a rebound.
1:24 of 2nd period - Off-side.
1:25 of 2nd period - Cory Emmerton wins face-off versus Mike Richards in neutral zone.
1:28 of 2nd period - Anton Volchenkov is hit by B.J. Crombeen and loses puck.
1:51 of 2nd period - Lasse Kukkonen is hit by Anton Volchenkov and loses puck.
2:02 of 2nd period - Slapshot by Jussi Jokinen.
2:02 of 2nd period - Shot Misses the Net.
2:25 of 2nd period - Snap shot by Jussi Jokinen.
2:25 of 2nd period - Stopped by James Reimer without a rebound.
2:26 of 2nd period - Guillaume Latendresse wins face-off versus Mike Richards in Red Wings zone.
2:29 of 2nd period - Wrist shot by John Tavares.
2:29 of 2nd period - Stopped by James Reimer without a rebound.
2:30 of 2nd period - Connor Brown wins face-off versus John Tavares in Red Wings zone.
2:30 of 2nd period - Connor Brown is hit by Ian White.
2:36 of 2nd period - Wrist shot by Mike Richards.
2:36 of 2nd period - Shot Misses the Net.
2:44 of 2nd period - Snap shot by Mike Richards.
2:44 of 2nd period - Deflect By Guillaume Latendresse.
2:44 of 2nd period - Stopped by Brian Elliott with a rebound.
3:52 of 2nd period - Slapshot by Michael Grabner.
3:52 of 2nd period - Stopped by James Reimer with a rebound.
3:54 of 2nd period - Wrist shot by Guillaume Latendresse.
3:54 of 2nd period - Goal by Guillaume Latendresse - Red Wings : 0 - Stars : 1.
3:55 of 2nd period - John Tavares wins face-off versus Nick Bjugstad in neutral zone.
4:24 of 2nd period - Wrist shot by Jussi Jokinen.
4:24 of 2nd period - Shot Blocked by Connor Brown.
4:28 of 2nd period - Snap shot by Jussi Jokinen.
4:28 of 2nd period - Shot Hit the Post.
4:30 of 2nd period - Snap shot by Alex Chiasson.
4:30 of 2nd period - Shot Misses the Net.
4:32 of 2nd period - Slapshot by Lasse Kukkonen.
4:32 of 2nd period - Stopped by James Reimer with a rebound.
4:39 of 2nd period - Icing by Connor Brown.
4:40 of 2nd period - Mike Richards wins face-off versus B.J. Crombeen in Red Wings zone.
5:09 of 2nd period - Wrist shot by David Krejci.
5:09 of 2nd period - Stopped by Brian Elliott without a rebound.
5:10 of 2nd period - John Tavares wins face-off versus Mike Richards in Stars zone.
5:15 of 2nd period - Backhand shot by Brian Lee.
5:15 of 2nd period - Stopped by James Reimer with a rebound.
5:35 of 2nd period - Philip Samuelsson is hit by Antoine Vermette and loses puck.
5:40 of 2nd period - Wrist shot by Jussi Jokinen.
5:40 of 2nd period - Stopped by James Reimer with a rebound.
5:42 of 2nd period - Slapshot by Lasse Kukkonen.
5:42 of 2nd period - Shot Misses the Net.
5:44 of 2nd period - Slapshot by Lasse Kukkonen.
5:44 of 2nd period - Stopped by James Reimer with a rebound.
6:04 of 2nd period - Wrist shot by David Krejci.
6:04 of 2nd period - Shot Misses the Net.
6:22 of 2nd period - Snap shot by Connor Brown.
6:22 of 2nd period - Shot Misses the Net.
7:30 of 2nd period - Wrist shot by Mike Richards.
7:30 of 2nd period - Shot Blocked by Brian Lee.
7:32 of 2nd period - Slapshot by Mike Richards.
7:32 of 2nd period - Stopped by Brian Elliott without a rebound.
7:33 of 2nd period - Mike Richards wins face-off versus John Tavares in Stars zone.
7:34 of 2nd period - Slapshot by Connor Brown.
7:34 of 2nd period - Shot Blocked by Ian White.
8:51 of 2nd period - Wrist shot by Petr Pohl.
8:51 of 2nd period - Stopped by Brian Elliott without a rebound.
8:52 of 2nd period - John Tavares wins face-off versus Mike Richards in Stars zone.
9:03 of 2nd period - Wrist shot by Guillaume Latendresse.
9:03 of 2nd period - Stopped by James Reimer with a rebound.
9:05 of 2nd period - Wrist shot by Guillaume Latendresse.
9:05 of 2nd period - Shot Blocked by Mike Richards.
9:07 of 2nd period - Slapshot by Brian Lee.
9:07 of 2nd period - Shot Misses the Net.
9:09 of 2nd period - Slapshot by John Tavares.
9:09 of 2nd period - Shot Misses the Net.
10:17 of 2nd period - Nick Bjugstad is hit by Michael Grabner and loses puck.
10:22 of 2nd period - Slapshot by Guillaume Latendresse.
10:22 of 2nd period - Stopped by James Reimer without a rebound.
10:23 of 2nd period - John Tavares wins face-off versus Connor Brown in Red Wings zone.
10:34 of 2nd period - John Tavares is hit by Marko Dano.
10:42 of 2nd period - Anton Volchenkov is hit by Brian Lee and loses puck.
10:55 of 2nd period - Slapshot by Connor Brown.
10:55 of 2nd period - Shot Misses the Net.
10:57 of 2nd period - Wrist shot by Mike Richards.
10:57 of 2nd period - Shot Misses the Net.
10:59 of 2nd period - Snap shot by Anton Volchenkov.
10:59 of 2nd period - Deflect By Marko Dano.
10:59 of 2nd period - Shot Misses the Net.
10:59 of 2nd period - Puck is out of play.
11:00 of 2nd period - Antoine Vermette wins face-off versus Nick Bjugstad in Stars zone.
11:17 of 2nd period - Backhand shot by Alex Chiasson.
11:17 of 2nd period - Stopped by James Reimer with a rebound.
11:23 of 2nd period - Minor Penalty to Nick Bjugstad for Tripping.
11:24 of 2nd period - Carson Mcmillan wins face-off versus John Tavares in Red Wings zone.
11:24 of 2nd period - Carson Mcmillan is hit by Brian Lee.
12:47 of 2nd period - Brian Lee is hit by Jiri Fischer and loses puck.
13:23 of 2nd period - Penalty to Nick Bjugstad is over, Nick Bjugstad is back on ice.
13:33 of 2nd period - Slapshot by Alex Chiasson.
13:33 of 2nd period - Stopped by James Reimer without a rebound.
13:34 of 2nd period - John Tavares wins face-off versus Mike Richards in Red Wings zone.
13:45 of 2nd period - Wrist shot by Mike Richards.
13:45 of 2nd period - Stopped by Brian Elliott with a rebound.
14:28 of 2nd period - Snap shot by Evgeny Grachev.
14:28 of 2nd period - Stopped by James Reimer without a rebound.
14:29 of 2nd period - Chris Kelly wins face-off versus Evgeny Grachev in Red Wings zone.
14:40 of 2nd period - Wrist shot by Evgeny Grachev.
14:40 of 2nd period - Stopped by James Reimer with a rebound.
14:47 of 2nd period - Icing by Philip Samuelsson.
14:48 of 2nd period - John Tavares wins face-off versus Chris Kelly in Red Wings zone.
14:49 of 2nd period - Snap shot by Guillaume Latendresse.
14:49 of 2nd period - Stopped by James Reimer with a rebound.
15:21 of 2nd period - Ryan O'Byrne is hit by Michael Grabner and loses puck.
15:34 of 2nd period - Wrist shot by Chris Kelly.
15:34 of 2nd period - Stopped by Brian Elliott without a rebound.
15:35 of 2nd period - Antoine Vermette wins face-off versus Mike Richards in Stars zone.
16:29 of 2nd period - Minor Penalty to Dany Heatley for Roughing.
16:30 of 2nd period - John Tavares wins face-off versus Carson Mcmillan in Red Wings zone.
18:09 of 2nd period - Chris Kelly is hit by John Tavares and loses puck.
18:26 of 2nd period - Nick Bjugstad is hit by Jussi Jokinen and loses puck.
18:29 of 2nd period - Penalty to Dany Heatley is over, Dany Heatley is back on ice.
18:43 of 2nd period - Snap shot by Petr Pohl.
18:43 of 2nd period - Stopped by Brian Elliott with a rebound.
18:59 of 2nd period - Johnny Oduya is hit by Mike Richards and loses puck.
19:06 of 2nd period - Snap shot by Connor Brown.
19:06 of 2nd period - Stopped by Brian Elliott with a rebound.
19:16 of 2nd period - Jordin Tootoo is hit by Cory Emmerton and loses puck.
19:29 of 2nd period - Brian Lee is hit by Dany Heatley.
19:51 of 2nd period - Ian White is hit by Jakub Kindl and loses puck.
Goals for this period are 0 for Red Wings vs 1 for Stars.
Shots for this period are 8 for Red Wings vs 18 for Stars.
3rd period
0:01 of 3rd period - Mike Richards wins face-off versus John Tavares in neutral zone.
0:03 of 3rd period - Off-side.
0:04 of 3rd period - John Tavares wins face-off versus Mike Richards in neutral zone.
0:47 of 3rd period - Minor Penalty to Philip Samuelsson for Interference.
0:48 of 3rd period - John Tavares wins face-off versus Carson Mcmillan in Red Wings zone.
1:21 of 3rd period - Slapshot by Lasse Kukkonen.
1:21 of 3rd period - Deflect By Alex Chiasson.
1:21 of 3rd period - Shot Blocked by Ryan O'Byrne.
1:21 of 3rd period - Puck is out of play.
1:22 of 3rd period - John Tavares wins face-off versus Chris Kelly in Red Wings zone.
2:47 of 3rd period - Penalty to Philip Samuelsson is over, Philip Samuelsson is back on ice.
2:59 of 3rd period - Jiri Fischer is hit by B.J. Crombeen and loses puck.
3:07 of 3rd period - Off-side.
3:08 of 3rd period - Jussi Jokinen wins face-off versus Nick Bjugstad in neutral zone.
3:19 of 3rd period - Snap shot by Alex Chiasson.
3:19 of 3rd period - Stopped by James Reimer with a rebound.
3:21 of 3rd period - Slapshot by Lasse Kukkonen.
3:21 of 3rd period - Deflect By Jordin Tootoo.
3:21 of 3rd period - Goal by Lasse Kukkonen - Red Wings : 0 - Stars : 2.
3:22 of 3rd period - John Tavares wins face-off versus Mike Richards in neutral zone.
3:47 of 3rd period - John Tavares is hit by Mike Richards and loses puck.
3:53 of 3rd period - Minor Penalty to Brian Lee for Hooking.
3:54 of 3rd period - John Tavares wins face-off versus Nick Bjugstad in Stars zone.
4:08 of 3rd period - Slapshot by Philip Samuelsson.
4:08 of 3rd period - Stopped by Brian Elliott with a rebound.
4:20 of 3rd period - John Tavares is hit by Marko Dano and loses puck.
4:53 of 3rd period - Boris Valabik is hit by Mike Richards and loses puck.
5:10 of 3rd period - Lasse Kukkonen is hit by Nick Bjugstad and loses puck.
5:53 of 3rd period - Penalty to Brian Lee is over, Brian Lee is back on ice.
6:02 of 3rd period - Snap shot by Evgeny Grachev.
6:02 of 3rd period - Shot Blocked by Jakub Kindl.
6:04 of 3rd period - Slapshot by Niklas Hjalmarsson.
6:04 of 3rd period - Stopped by James Reimer without a rebound.
6:05 of 3rd period - Evgeny Grachev wins face-off versus David Krejci in Red Wings zone.
6:12 of 3rd period - Slapshot by Petr Pohl.
6:12 of 3rd period - Stopped by Brian Elliott with a rebound.
6:31 of 3rd period - Wrist shot by Dany Heatley.
6:31 of 3rd period - Stopped by Brian Elliott with a rebound.
6:33 of 3rd period - Slapshot by Jiri Fischer.
6:33 of 3rd period - Deflect By David Krejci.
6:33 of 3rd period - Stopped by Brian Elliott without a rebound.
6:34 of 3rd period - John Tavares wins face-off versus Mike Richards in Stars zone.
8:58 of 3rd period - John Tavares is hit by Karl Alzner and loses puck.
10:11 of 3rd period - Wrist shot by Mike Richards.
10:11 of 3rd period - Shot Blocked by John Tavares.
10:30 of 3rd period - Off-side.
10:31 of 3rd period - Nick Bjugstad wins face-off versus Antoine Vermette in neutral zone.
10:40 of 3rd period - Snap shot by Teuvo Teravainen.
10:40 of 3rd period - Stopped by Brian Elliott with a rebound.
11:31 of 3rd period - Snap shot by Chris Kelly.
11:31 of 3rd period - Stopped by Brian Elliott with a rebound.
12:22 of 3rd period - Alex Chiasson is hit by Carson Mcmillan and loses puck.
12:35 of 3rd period - Ian White is hit by Teuvo Teravainen.
13:00 of 3rd period - B.J. Crombeen is hit by Michael Haley.
15:55 of 3rd period - Icing by B.J. Crombeen.
15:56 of 3rd period - Chris Kelly wins face-off versus Cory Emmerton in Stars zone.
17:45 of 3rd period - Minor Penalty to Jiri Fischer for Tripping.
17:46 of 3rd period - John Tavares wins face-off versus Carson Mcmillan in Red Wings zone.
19:45 of 3rd period - Penalty to Jiri Fischer is over, Jiri Fischer is back on ice.
Goals for this period are 0 for Red Wings vs 1 for Stars.
Shots for this period are 6 for Red Wings vs 3 for Stars.
Back to the Top